 Dungeon Crawl Stone Soup version 0.26-a0-661-g406de6ba63 (webtiles) character file.

Game seed: 4609704918821513172

87950 ringo67 the Severer (level 15, -2/144 HPs)
             Began as a Deep Dwarf Fighter on Oct 9, 2020.
             Was the Champion of Makhleb.
             Killed from afar by a green death (9 damage)
             ... with a bolt of poison
             ... summoned by the player character
             ... on level 1 of the Swamp.
             The game lasted 00:39:21 (17539 turns).

ringo67 the Severer (Deep Dwarf Fighter)           Turns: 17539, Time: 00:39:21

Health: -2/144     AC: 27    Str: 26    XL:     15   Next: 45%
Magic:  5/5        EV:  7    Int:  9    God:    Makhleb [******]
Gold:   945        SH: 15    Dex: 20    Spells: 14/14 levels left

rFire    + . .     SeeInvis .   I - +1 broad axe (flame)
rCold    . . .     Faith    .   c - +0 kite shield
rNeg     + + .     Spirit   .   M - +6 plate armour "Damnable Contraption" {rN+ Dex+2}
rPois    .         Reflect  .   C - +2 hat {MR+}
rElec    .         Harm     .   (no cloak)
rCorr    .         Rampage  .   f - +1 pair of gloves
MR       +++..                  A - +0 pair of boots
Stlth    ..........             (no amulet)
HPRegen  0.00/turn              i - +6 ring of dexterity
MPRegen  0.09/turn              L - ring of protection from fire

@: lethally poisoned (-2 -> -41), non-regenerating, slowed, very slow
A: damage resistance, heal wounds, negative energy resistance 1, sense
surroundings 2, no regeneration
a: Heal Wounds, Minor Destruction, Lesser Servant of Makhleb, Major Destruction,
Greater Servant of Makhleb, Renounce Religion


You were on level 1 of the Swamp.
You worshipped Makhleb.
Makhleb was exalted by your worship.
You visited 5 branches of the dungeon, and saw 23 of its levels.
You also visited: Volcano.

You collected 2511 gold pieces.
You spent 1566 gold pieces at shops.

Inventory:

Hand Weapons
 a - a +1 war axe of freezing
 I - a +1 broad axe of flaming (weapon)
 P - a +0 broad axe
Missiles
 F - 17 curare-tipped darts (quivered)
Armour
 c - a +0 kite shield (worn)
 f - a +1 pair of gloves (worn)
 v - a +0 plate armour
 A - a +0 pair of boots (worn)
 C - a +2 hat of magic resistance (worn)
 H - +0 fire dragon scales
 M - the +6 plate armour "Damnable Contraption" (worn) {rN+ Dex+2}
   (You bought it in a shop on level 2 of the Orcish Mines)

   It affects your dexterity (+2).
   It protects you from negative energy.
 Q - a +4 plate armour
Jewellery
 i - a +6 ring of dexterity (left hand)
 w - a +6 ring of dexterity
 L - a ring of protection from fire (right hand)
 O - a +6 ring of strength
Wands
 p - a wand of iceblast (29)
 s - a wand of polymorph (27)
 t - a wand of random effects (38)
 y - a wand of flame (11)
 D - a wand of acid (2)
 K - a wand of disintegration (10)
 S - a wand of digging (10)
Scrolls
 e - 6 scrolls of fog
 g - 5 scrolls of fear
 h - 8 scrolls of amnesia
 k - 11 scrolls of remove curse
 r - 3 scrolls of teleportation
 G - 3 scrolls of enchant armour
 N - 3 scrolls of identify
Potions
 d - 3 potions of might
 j - 3 potions of resistance
 l - a potion of cancellation
 m - 8 potions of flight
 n - 2 potions of brilliance {unknown}
 o - 3 potions of berserk rage
 q - 2 potions of curing
 u - 2 potions of magic
 x - 5 potions of haste
 z - 8 potions of lignification
 B - a potion of stabbing {unknown}
 E - 2 potions of heal wounds {unknown}
 J - a potion of invisibility {unknown}
Miscellaneous
 b - a condenser vane (2/2)


   Skills:
 + Level 11.8 Fighting
 - Level 18.0 Axes
 + Level 12.1 Armour
 + Level 14.0 Shields
 - Level 9.4 Invocations


You had 14 spell levels left.
You didn't know any spells.
Your spell library contained the following spells:

 Spells                   Type           Power        Failure   Level
 Animate Skeleton         Necr           #.....       98%         1
 Foxfire                  Conj/Fire      #...         98%         1
 Magic Dart               Conj           #...         98%         1
 Pain                     Necr           #...         98%         1
 Summon Small Mammal      Summ           #...         98%         1
 Call Imp                 Summ           #.......     99%         2
 Poisonous Vapours        Pois/Air       #.....       99%         2
 Searing Ray              Conj           #.....       99%         2
 Call Canine Familiar     Summ           #.......     100%        3
 Conjure Flame            Conj/Fire      #.......     100%        3
 Dazzling Flash           Conj/Hex       #.....       100%        3
 Inner Flame              Hex/Fire       #.......     100%        3
 Mephitic Cloud           Conj/Pois/Air  #.......     100%        3
 Summon Guardian Golem    Hex/Summ       #.......     100%        3
 Vampiric Draining        Necr           #.........   100%        3
 Animate Dead             Necr           #.........   100%        4
 Fulminant Prism          Conj/Hex       #.........   100%        4
 Iskenderun's Mystic Bla  Conj/Tloc      #.......     100%        4
 Sticky Flame             Conj/Fire      #.......     100%        4
 Summon Ice Beast         Ice/Summ       #.......     100%        4
 Summon Lightning Spire   Summ/Air       #.......     100%        4
 Agony                    Necr           #.......     100%        5
 Fireball                 Conj/Fire      #.........   100%        5
 Freezing Cloud           Conj/Ice/Air   #.........   100%        6


Dungeon Overview and Level Annotations

Branches:
Dungeon (13/15)            Temple (1/1) D:5            Lair (6/6) D:10
  Swamp (1/4) Lair:4       Spider (0/4) Lair:4        Slime (0/5) Lair:5
    Orc (2/2) D:12         Vaults (0/5) D:13        Volcano (visited)
    Elf: Orc:2

Altars:
Ashenzari
Cheibriados
Dithmenos
Elyvilon
Fedhas
Gozag
Hepliaklqana
Kikubaaqudgha
Makhleb
Nemelex Xobeh
Okawaru
Qazlal
Ru
Sif Muna
Trog
Uskayaw
Vehumet
Wu Jian
Xom
Yredelemnul
Zin
The Shining One
Jiyva
Lugonu

Shops:
D:4 !   D:5 (   D:11 (   Orc:2 (*([

Annotations:
D:5 Sigmund
Lair:2 2 runed translucent doors, strifetoe's ghost, journeyman PaWz
Lair:3 exclusion: oklob plant
Lair:4 exclusion: 4 oklob plants
Lair:5 3 runed translucent doors, Serogusm's ghost, journeyman CeAM


Innate Abilities, Weirdness & Mutations

You are resistant to damage.
You can heal yourself by infusing magical energy.
You resist negative energy. (rN+)
You passively map the area around you.
You do not regenerate.


Message History

You enter the shallow water.
Moving in this stuff is going to be slow.
The green death gestures at you. You block the poison arrow.
The green death hits you but does no damage.
You see here a hornet corpse.
The green death gestures at you. The poison arrow hits you!!
You are more poisoned.
* * * LOW HITPOINT WARNING * * *
A swamp drake comes into view.
The swamp drake roars!
The green death gestures at you. The bolt of poison hits you!
You are lethally poisoned!
* * * LOW HITPOINT WARNING * * *
The green death gestures at you. The bolt of poison hits you!
You are more poisoned.
You die...

≈≈≈.≈♣♣..≈..♣.♣≈≈.♣♣♣( , ≈
≈≈≈≈≈≈.♣.≈≈≈.♣.♣.≈.♣♣♣. ≈
..k♣≈≈≈..♣≈§≈≈....≈.≈≈≈.
≈≈...≈≈.≈≈≈≈.≈≈≈♣.≈♣≈≈≈. ,
≈ ≈..≈≈♣≈.≈≈≈≈.†♣≈♣.≈≈....
≈.≈≈≈≈≈.≈♣≈♣.≈.≈..≈..≈♣. *
≈ ≈
≈≈≈≈≈≈≈.≈†)....♣....≈≈≈.
,≈≈.≈..≈≈♣≈≈2.♣♣♣♣♣♣♣.≈≈≈.≈
♣.....@≈♣♣†♣ ♣♣≈..≈≈
≈...♣♣..≈♣ ..♣ ♣♣♣♣.< **
,,≈ .♣ ♣.§.♣.≈..♣, ♣♣♣ , ,
, * ♣♣≈≈..≈≈≈♣ ,≈ , , *, *
.♣≈≈≈♣.... ** ,, *
...§..§...≈ , * , *
.§.......... ,, ≈ ,*
.≈≈≈≈≈.., .. , ,* ≈ ,


You could see a green death (summoned) and a swamp drake.

Vanquished Creatures
  Kirke (D:13)
  A thorn hunter (Swamp:1)
  Josephine (Lair:4)
  Harold (D:10)
  3 vault guards (D:13)
  A boulder beetle (D:12)
  6 hydras
  7 two-headed ogres
  A shambling mangrove (Swamp:1)
  3 alligators (Swamp:1)
  5 death yaks (Lair:4)
  2 orc high priests (Orc:2)
  An unseen horror (shapeshifter) (D:11)
  An unseen horror (D:12)
  A swamp dragon (Swamp:1)
  4 wizards
  2 orc knights (Orc:2)
  Pikel (D:5)
  A necromancer (D:13)
  An ugly thing (D:12)
  Maurice (D:13)
  A cyclops (D:13)
  3 elephants
  3 salamanders (Volcano)
  2 manticores
  Joseph (D:7)
  2 black mambas
  A gargoyle (D:13)
  A centaur zombie (D:9)
  Psyche (D:9)
  17 cane toads
  2 torpor snails
  2 rime drakes
  14 komodo dragons
  A redback zombie (D:13)
  4 trolls
  A queen bee (Lair:4)
  3 meliai (Lair:4)
  7 hornets (Swamp:1)
  6 polar bears (Lair:3)
  17 blink frogs
  2 tyrant leeches (Swamp:1)
  2 bog bodies
  10 dream sheep (Lair:4)
  17 slime creatures
  A shadow (Swamp:1)
  5 wraiths (Lair:4)
  A fire bat (Volcano)
  4 spriggans (Swamp:1)
  17 humans (D:13)
  31 yaks
  4 wyverns
  4 hogs (D:13)
  4 steam dragons
  3 vampire mosquitoes (Swamp:1)
  4 basilisks
  A warg (D:12)
  5 swamp worms
  7 water moccasins
  3 hell hounds (Volcano)
  21 orc warriors
  2 ice beasts
  A hornet zombie (D:10)
  5 sky beasts
  5 ogres
  8 black bears
  5 necrophages
  13 wolves
  An eye of draining (D:11)
  3 phantoms (D:6)
  6 centaurs
  3 lemures (D:5)
  3 big kobolds
  23 bullfrogs
  4 scorpions
  3 wyvern skeletons
  39 killer bees
  8 wights
  8 howler monkeys
  4 electric eels
  5 bullfrog zombies
  6 hounds
  4 jellies
  A quasit (D:9)
  24 orc priests
  16 orc wizards
  3 bullfrog skeletons
  5 iguanas
  2 centaur skeletons (D:12)
  Ijyb (D:5)
  7 hell rats
  14 worker ants
  3 hound zombies
  A hound skeleton (D:4)
  A mummy (D:10)
  A howler monkey zombie (D:5)
  13 adders
  A river rat (Lair:4)
  3 white imps
  2 ufetubi (D:6)
  2 adder zombies
  5 worms
  2 dart slugs
  6 leopard geckos
  77 orcs
  8 giant cockroaches
  7 goblins
  9 hobgoblins
  10 jackals
  18 kobolds
  5 quokkas
  5 bats
  6 frilled lizards
  3 jackal skeletons
  8 rats
708 creatures vanquished.

Vanquished Creatures (collateral kills)
  A slime creature (D:12)
  A hydra (Swamp:1)
  A two-headed ogre (D:12)
  3 orc high priests (Orc:2)
  Sonja (Lair:5)
  An unseen horror (D:12)
  2 orc knights (Orc:2)
  A hornet (Swamp:1)
  A spriggan (Swamp:1)
  4 vampire mosquitoes (Swamp:1)
  A swamp worm (Swamp:1)
  10 orc warriors (Orc:2)
  A black bear (D:12)
  An ogre (D:13)
  A howler monkey (D:12)
  An orc priest (Orc:2)
  An adder (D:12)
  An orc (Orc:2)
33 creatures vanquished.

Vanquished Creatures (others)
  A deep elf mage (D:13)
  A wyvern (D:13)
  A human (D:13)
  3 killer bees (Lair:4)
  A quokka (D:2)
  A kobold (D:13)
  25 fungi
  71 plants
  A withered plant (D:10)
105 creatures vanquished.

Grand Total: 846 creatures vanquished

Notes
Turn   | Place    | Note
-------+----------+-------------------------------------------
     0 | D:1      | ringo67 the Deep Dwarf Fighter began the quest for the Orb.
     0 | D:1      | Reached XP level 1. HP: 20/20 MP: 1/1
   179 | D:1      | Reached XP level 2. HP: 20/27 MP: 2/2
   738 | D:2      | Found a stormy altar of Qazlal.
   745 | D:2      | Reached XP level 3. HP: 25/34 MP: 3/3
   806 | D:2      | Reached skill level 3 in Axes
   854 | D:2      | Found a white marble altar of Elyvilon.
   991 | D:2      | Found a hazy altar of Hepliaklqana.
  1055 | D:3      | Reached XP level 4. HP: 29/42 MP: 4/4
  1628 | D:4      | Found a radiant altar of Vehumet.
  1688 | D:4      | Reached XP level 5. HP: 47/50 MP: 5/5
  1720 | D:4      | Reached skill level 4 in Axes
  1752 | D:4      | Found Rynatz's Distillery.
  1839 | D:4      | Reached XP level 6. HP: 50/57 MP: 5/5
  2036 | D:4      | Reached skill level 5 in Axes
  2036 | D:4      | Reached XP level 7. HP: 43/66 MP: 6/6
  2261 | D:5      | Entered Level 5 of the Dungeon
  2275 | D:5      | Reached skill level 5 in Fighting
  2332 | D:5      | Found a staircase to the Ecumenical Temple.
  2337 | Temple   | Entered the Ecumenical Temple
  2474 | D:5      | Noticed Ijyb
  2483 | D:5      | Killed Ijyb
  2483 | D:5      | Reached skill level 5 in Shields
  2492 | D:5      | Noticed Sigmund
  2503 | D:5      | Reached skill level 5 in Armour
  2639 | D:5      | Found Elyck's Weapon Shop.
  2746 | D:5      | Noticed Pikel
  2758 | D:5      | Paralysed by Pikel for 4 turns
  2775 | D:5      | Killed Pikel
  2775 | D:5      | Reached skill level 6 in Axes
  2775 | D:5      | Reached XP level 8. HP: 28/76 MP: 7/7
  3016 | D:5      | Found a sacrificial altar of Ru.
  3144 | D:5      | Found a blossoming altar of Fedhas.
  3599 | D:6      | Reached skill level 7 in Axes
  4244 | D:7      | Found a glowing golden altar of the Shining One.
  4263 | D:7      | Noticed Joseph
  4294 | D:7      | Killed Joseph
  4294 | D:7      | Gained mutation: You passively map the area around you.
                  | [Deep Dwarf growth]
  4294 | D:7      | Reached XP level 9. HP: 53/86 MP: 8/8
  4403 | D:7      | Reached skill level 8 in Axes
  4797 | D:8      | Found a hide-covered altar of Uskayaw.
  5011 | D:8      | Noticed a +0 hand axe
  5011 | D:8      | Noticed a +0 dagger
  6123 | D:2      | Found a basalt altar of Yredelemnul.
  6343 | D:2      | Found a snail-covered altar of Cheibriados.
  7094 | D:9      | Found a broken altar of Ashenzari.
  7107 | D:9      | Found a glowing silver altar of Zin.
  7137 | D:9      | Noticed Psyche
  7158 | D:9      | Reached skill level 9 in Axes
  7172 | D:9      | Killed Psyche
  7192 | D:9      | Reached XP level 10. HP: 43/96 MP: 6/6
  7232 | D:9      | Found a burning altar of Makhleb.
  7238 | D:9      | Became a worshipper of Makhleb the Destroyer
  7257 | D:9      | Noticed a two-headed ogre
  7287 | D:9      | Killed a two-headed ogre
  7468 | D:9      | Found a hazy altar of Hepliaklqana.
  7536 | D:9      | Reached skill level 10 in Axes
  7896 | D:10     | Entered Level 10 of the Dungeon
  7906 | D:10     | Reached * piety under Makhleb
  8013 | D:10     | Noticed a two-headed ogre
  8021 | D:10     | Killed a two-headed ogre
  8136 | D:10     | Noticed Harold
  8152 | D:10     | Killed Harold
  8152 | D:10     | Reached skill level 11 in Axes
  8152 | D:10     | Reached XP level 11. HP: 93/106 MP: 4/4
  8330 | D:10     | Found a staircase to the Lair.
  8459 | Lair:1   | Entered Level 1 of the Lair of Beasts
  8601 | Lair:1   | Reached ** piety under Makhleb
  8643 | Lair:1   | Found a sparkling altar of Nemelex Xobeh.
  8953 | Lair:1   | Noticed a six-headed hydra
  9046 | Lair:2   | Found a dark tunnel.
  9055 | Volcano  | Entered a volcano
  9068 | Volcano  | Noticed a two-headed ogre
  9068 | Volcano  | Noticed a two-headed ogre
  9079 | Volcano  | Killed a two-headed ogre
  9093 | Volcano  | Killed a two-headed ogre
  9141 | Volcano  | Reached skill level 12 in Axes
  9315 | Lair:2   | Reached skill level 10 in Fighting
  9323 | Lair:2   | Noticed a five-headed hydra
  9331 | Lair:2   | Killed a two-headed hydra
  9401 | Lair:2   | Reached XP level 12. HP: 54/116 MP: 2/2
  9409 | Lair:2   | Reached *** piety under Makhleb
  9445 | Lair:2   | Reached skill level 13 in Axes
  9445 | Lair:2   | Reached skill level 10 in Armour
  9445 | Lair:2   | Reached skill level 10 in Shields
  9577 | Lair:2   | Found a large runed translucent door.
  9577 | Lair:2   | Found a large runed translucent door.
  9579 | Lair:2   | Noticed strifetoe's ghost (journeyman PaWz)
  9932 | Lair:3   | Noticed a four-headed hydra
  9943 | Lair:3   | Killed a one-headed hydra
 10027 | Lair:3   | Identified a scroll of acquirement
 10027 | Lair:3   | Acquired 1237 gold pieces
 10292 | Lair:3   | You fall into a shaft and drop 3 floors!
 10292 | Lair:6   | Entered Level 6 of the Lair of Beasts
 10302 | Lair:6   | Reached **** piety under Makhleb
 10329 | Lair:6   | Reached skill level 1 in Invocations
 10333 | Lair:6   | Reached skill level 14 in Axes
 10354 | Lair:5   | Noticed a six-headed hydra
 10355 | Lair:5   | Noticed a five-headed hydra
 10361 | Lair:5   | Killed a one-headed hydra
 10370 | Lair:5   | Killed a one-headed hydra
 10370 | Lair:5   | Reached XP level 13. HP: 121/124 MP: 5/5
 10417 | Lair:4   | Found a hole to the Spider Nest.
 10524 | Lair:4   | Reached ***** piety under Makhleb
 10569 | Lair:4   | Reached skill level 5 in Invocations
 10580 | Lair:4   | Reached skill level 15 in Axes
 10762 | Lair:4   | Found the +9 heavy crossbow "Sniper" {vorpal, Acc+∞ SInv}
 11226 | Lair:4   | Reached skill level 16 in Axes
 11231 | Lair:4   | Noticed Josephine
 11254 | Lair:4   | Killed Josephine
 11472 | Lair:4   | Found a staircase to the Swamp.
 11481 | Swamp:1  | Entered Level 1 of the Swamp
 11490 | Swamp:1  | Gained mutation: You resist negative energy. (rN+) [Deep
                  | Dwarf growth]
 11490 | Swamp:1  | Reached XP level 14. HP: 133/133 MP: 5/7
 11494 | Swamp:1  | Reached ****** piety under Makhleb
 11978 | Lair:5   | Found a runed translucent gate.
 12144 | Lair:5   | Noticed Sonja
 12230 | Lair:5   | Killed Sonja
 12232 | Lair:5   | Found a viscous altar of Jiyva.
 12232 | Lair:5   | Found a staircase to the Slime Pits.
 12254 | Lair:5   | Found a runed translucent gate.
 12255 | Lair:5   | Found a runed translucent gate.
 12267 | Lair:5   | Noticed Serogusm's ghost (journeyman CeAM)
 13361 | D:11     | Reached skill level 17 in Axes
 13407 | D:11     | Found a shimmering altar of Xom.
 13506 | D:11     | Found Kageoke's Weapon Shop.
 14254 | D:12     | Found a staircase to the Orcish Mines.
 14264 | Orc:1    | Entered Level 1 of the Orcish Mines
 14316 | Orc:2    | Entered Level 2 of the Orcish Mines
 14411 | Orc:2    | Reached skill level 18 in Axes
 14428 | Orc:2    | Noticed an Executioner
 14431 | Orc:2    | Noticed an Executioner
 14475 | Orc:2    | Found Paxab's Antique Armour Emporium.
 14475 | Orc:2    | Found Afuomot's Antique Weapon Emporium.
 14476 | Orc:2    | Found Visuoco's Weapon Emporium.
 14476 | Orc:2    | Found Zigovi's General Store.
 14493 | Orc:2    | Bought a dazzling plate armour for 812 gold pieces
 14493 | Orc:2    | Bought a runed plate armour for 754 gold pieces
 14493 | Orc:2    | Identified the +6 plate armour "Damnable Contraption" {rN+
                  | Dex+2} (You bought it in a shop on level 2 of the Orcish
                  | Mines)
 15597 | D:12     | HP: 1/133 [very large slime creature (8)]
 16368 | D:13     | Reached XP level 15. HP: 95/141 MP: 5/5
 16513 | D:13     | Noticed Kirke
 16531 | D:13     | Killed Kirke
 16723 | D:13     | Found a gate to the Vaults.
 17179 | D:13     | Noticed Maurice
 17230 | D:13     | Killed Maurice
 17471 | Swamp:1  | Noticed a thorn hunter
 17488 | Swamp:1  | Killed a thorn hunter
 17493 | Swamp:1  | Identified the +1 robe of the Equinox {rElec}
 17522 | Swamp:1  | Paralysed by a hornet for 3 turns
 17539 | Swamp:1  | HP: 7/144 [green death/bolt of poison[the player character]
                  | (12)]
 17539 | Swamp:1  | Killed from afar by a green death

Illustrated notes

Levels and vault maps discovered:
D:1:      dpeg_arrival_pits, layout_basic, bh_walls_and_bars
D:2:      layout_loops_ring, marbit_many_paths, cheibriados_altar_1,
          old_standard_altar, elyvilon_altar_4, lemuel_tele_altar
D:3:      layout_loops_ring
D:4:      layout_loops_ring, lemuel_doored_altar, serial_shops,
          nicolae_shop_crystal, grunt_decor_fettered, lexackson_kobold_supper
D:5:      layout_basic, nicolae_overflow_crystal_walls, fedhas_altar_1,
          minmay_temple_entry_ruins, serial_shops, shop, uniq_sigmund,
          uniq_ijyb, uniq_pikel
D:6:      layout_basic
D:7:      layout_basic, kennysheep_mini, uniq_joseph
D:8:      layout_layer_cave, dancing_weapons_uskayaw
D:9:      layout_roguey, kennysheep_little_box, bloody_makhleb, minitemple,
          serial_glass, glass_columns_a, glass_columns_c, uniq_psyche
D:10:     layout_roguey, lair_entry_dummy, serial_undead, serial_undead_f,
          serial_undead_f, serial_undead_e, serial_undead_a, serial_undead_d,
          serial_undead_f, uniq_harold
D:11:     layout_loops_corners, serial_shops, nicolae_shop_stone, basic_altar
D:12:     layout_loops_ring, erik_orc_3, grunt_ministairs_7,
          hangedman_decor_peaks_small, argonaut_gorgonesque
D:13:     layout_long_grid, grunt_vaults_entry_tiered, uniq_maurice, uniq_kirke
Temple:   kb_corrupted_temple
Lair:1:   layout_regular_city, basic_altar
Lair:2:   layout_regular_city, ebering_ghost_disaster_area, enter_volcano_2,
          grunt_megastairs_3
Lair:3:   beast_lair_carwin_large_4, layout_chaotic_city, guppyfry_lair_drakes,
          minmay_lair_oklob_chamber
Lair:4:   hangedman_what_comes_after_a, layout_small_grid,
          nicolae_swamp_entry_splash_gauntlet, nicolae_spider_entry_non_spiders,
          infiniplex_staircase_pool, lemuel_fruit_tree, uniq_josephine
Lair:5:   layout_layer_cave, slime_altar_1, serial_bayou, serial_bayou_pond_c,
          serial_bayou_pond_a, serial_bayou_pond_a, serial_bayou_lagoon_a,
          maelrawn_ghost_gauntlet_escape, uniq_sonja
Lair:6:   grunt_lair_end_beastmaster, layout_gridlike,
          chequers_serial_rivers_large_b, lemuel_another_geyser
Swamp:1:  layout_falls_marsh, portal_ice_cave_entry_ice_statue_two,
          evilmike_swamp_ruin_house_4
Orc:1:    layout_diamond_mine
Orc:2:    st_orc_pillars, layout_caves, bh_open_orc_temple

Skill      XL: |  1  2  3  4  5  6  7  8  9 10 11 12 13 14 15 |
---------------+----------------------------------------------+-----
Fighting       | 3 4 5 7 8 9 10 11 | 11.8
Axes           | 3 4 5 6 7 9 11 12 14 16 18 | 18.0
Shields        | 4 5 6 7 8 9 11 12 13 14 | 14.0
Armour         | 4 5 6 7 8 9 10 11 12 | 12.1
Invocations    | 3 8 9 |  9.4

Action                   |  1- 3 |  4- 6 |  7- 9 | 10-12 | 13-15 || total
-------------------------+-------+-------+-------+-------+-------++-------
Melee: War axe           |   131 |   167 |   430 |   305 |       ||  1033
       Broad axe         |       |       |       |   227 |  1124 ||  1351
Throw: Dart              |       |       |       |     9 |     5 ||    14
Invok: Greater Servant o |       |       |       |       |    10 ||    10
 Abil: Heal Wounds       |       |     3 |    16 |    19 |    25 ||    63
Evoke: Condenser vane    |       |       |       |       |     1 ||     1
  Use: Scroll            |       |     6 |     4 |    14 |     6 ||    30
       Potion            |       |       |       |     1 |     6 ||     7
 Stab: Distracted        |       |       |       |       |     1 ||     1
Armor: Scale mail        |    65 |    67 |    63 |       |       ||   195
       Plate armour      |       |       |   176 |   407 |   634 ||  1217
Dodge: Dodged            |    44 |    46 |    82 |   130 |   252 ||   554
Block: Kite shield       |    62 |   105 |   267 |   410 |   810 ||  1654

Table legend: (Time is in decaauts)
 A = Elapsed time spent in this place.
 B = Non-inter-level travel time spent in this place.
 C = Inter-level travel time spent in this place.
 D = Time resting spent in this place.
 E = Time spent auto-exploring this place.
 F = Levels seen in this place.
 G = Mean time per level.
                   A        B        C        D        E       F      G
               +--------+--------+--------+--------+--------+-----+--------+
         Total |  17630 |  16533 |   1097 |   1131 |  10811 |  24 |  734.6 |
       Dungeon |  11336 |  10633 |    703 |    211 |   7631 |  13 |  872.0 |
        Temple |    110 |     90 |     20 |      0 |     89 |   1 |  110.0 |
          Lair |   4357 |   4100 |    257 |      0 |   2865 |   6 |  726.2 |
         Swamp |    456 |    395 |     61 |      0 |    154 |   1 |  456.0 |
  Orcish Mines |   1197 |   1142 |     55 |    900 |     50 |   2 |  598.5 |
       Volcano |    173 |    173 |      0 |     20 |     22 |   1 |  173.0 |
               +--------+--------+--------+--------+--------+-----+--------+

Top non-repeatable levels by time:
  Lair:5: 1288 daAuts
     D:8: 1159 daAuts
  Lair:4: 1152 daAuts
   Orc:2: 1139 daAuts
     D:1: 1130 daAuts
    D:12: 1014 daAuts
     D:6: 1008 daAuts
     D:5: 919 daAuts
    D:11: 871 daAuts
     D:9: 859 daAuts
    D:13: 845 daAuts
     D:4: 822 daAuts
     D:2: 804 daAuts
  Lair:2: 771 daAuts
     D:3: 670 daAuts
